Map: Automaton LE

Players

SpeCial

  • Race: Terran Terran
  • League: Master
  • Spawn Location: 9:00

Scarlett - Winner!

  • Race: Zerg Zerg
  • Spawn Location: 3:00

Event: 2019 WCS Winter Americas

VOD

Have the link to the VOD?

Description

Time

  • Played on: Feb. 14, 2019, 3:10 p.m.
  • Length: 10:53

All games in this series

Show
View Real Time Build Order
Export as new Build Order

SpeCial Terran 

Build Orders: Liberator Opening, Reaper Expand 

Get SALT Encoding   

  12  0:00  SCV  
  13  0:12  SCV  
  14  0:18  Supply Depot  
  14  0:24  SCV  
  15  0:39  SCV  
  15  0:42  Barracks  
  16  0:45  Refinery  
  16  0:51  SCV  
  17  1:03  SCV  
  18  1:15  SCV  
  19  1:29  Reaper, Orbital Command  
  20  1:41  Command Center  
  20  1:52  Supply Depot  
  20  1:55  SCV  
  20  2:01  Marine  
  22  2:05  Factory  
  22  2:08  SCV  
  22  2:15  Refinery  
  23  2:20  SCV  
  24  2:23  Barracks Reactor  
  24  2:33  SCV  
  25  2:45  SCV  
  26  2:55  Starport, Orbital Command  
  26  2:57  SCV  
  27  3:07  Hellion x2  
  27  3:09  SCV, Marine  
  33  3:13  Supply Depot  
  33  3:15  Liberator  
  33  3:21  SCV  
  33  3:24  SCV  
  35  3:28  Hellion x2  
  35  3:33  SCV  
  43  3:36  Barracks Tech Lab  
  43  3:38  SCV  
  44  3:43  Supply Depot  
  44  3:45  SCV  
  45  3:50  SCV  
  45  3:51  Hellion  
  45  3:53  Hellion  
  50  3:57  SCV  
  50  3:58  Stimpack  
  50  4:02  SCV  
  52  4:09  SCV  
  53  4:17  Command Center  
  53  4:19  Marine  
  53  4:21  SCV x2  
  56  4:28  Supply Depot  
  56  4:33  Barracks  
  56  4:36  Barracks  
  56  4:37  Starport Reactor  
  56  4:38  Factory Tech Lab  
  56  4:39  Marine  
  56  4:42  SCV x2  
  59  4:54  SCV x2, Engineering Bay  
  59  4:55  Engineering Bay  
  61  5:04  Siege Tank  
  61  5:06  SCV, Refinery  
  61  5:07  SCV  
  66  5:08  Marine, Refinery  
  65  5:18  SCV, Supply Depot  
  65  5:19  SCV  
  67  5:21  Marine x2  
  67  5:22  Starport Reactor  
  67  5:23  Terran Infantry Weapons Level 1  
  69  5:28  Orbital Command  
  69  5:34  SCV x2, Terran Infantry Armor Level 1  
  71  5:41  Marine  
  71  5:42  Marine x2  
  74  5:46  SCV  
  74  5:47  SCV  
  76  5:50  Marine x2  
  76  5:51  Orbital Command  
  78  5:58  SCV  
  78  5:59  Medivac x2, Marine x2  
  78  6:01  Siege Tank, Supply Depot  
  78  6:03  Combat Shield  
  88  6:07  SCV  
  88  6:11  SCV, Marine x3  
  90  6:15  Supply Depot  
  93  6:22  Marine x2  
  93  6:23  SCV x3  
  98  6:29  Marine x3  
  101  6:37  SCV, Siege Tank  
  101  6:38  Barracks, Supply Depot  
  105  6:40  Marine x2  
  105  6:42  Barracks  
  105  6:45  SCV  
  105  6:46  SCV  
  109  6:48  Supply Depot  
  109  6:56  Medivac  
  109  6:59  Marine x5  
  109  7:01  SCV  
  115  7:04  SCV  
  116  7:09  Siege Tank  
  116  7:12  Supply Depot  
  116  7:13  SCV  
  117  7:16  SCV x2  
  117  7:17  Marine x5  
  117  7:18  Supply Depot  
  117  7:19  Supply Depot  
  124  7:25  SCV  
  124  7:26  Armory  
  124  7:28  Refinery  
  124  7:29  Barracks Reactor  
  125  7:33  SCV x2  
  125  7:35  Marine x2  
  129  7:39  Marine  
  129  7:40  Marine  
  129  7:41  Siege Tank  
  129  7:43  SCV  
  136  7:45  SCV x2  
  136  7:46  Missile Turret x2, Marine  
  136  7:48  Medivac  
  136  7:51  Missile Turret, Barracks Reactor  
  141  7:53  Marine x2  
  141  7:57  Marine  
  142  8:03  Supply Depot x2, Marine  
  142  8:05  Marine  
  143  8:09  Marine  
  143  8:10  Marine  
  146  8:13  SCV x3  
  146  8:16  Sensor Tower  
  146  8:17  Marine  
  146  8:19  Siege Tank, Marine  
  149  8:20  Marine  
  149  8:21  Marine  
  149  8:25  Marine  
  149  8:27  Marine  
  142  8:28  Marine  
  138  8:35  Terran Infantry Weapons Level 2  
  138  8:36  Terran Infantry Armor Level 2, Marine x2  
  138  8:38  Marine x2  
  138  8:40  Marine  
  138  8:41  Marine  
  139  8:46  SCV x2  
  139  8:48  Marine x2  
  139  8:53  Marine  
  140  9:01  Factory  
  141  9:04  Marine  
  141  9:06  Marine  
  141  9:09  Thor  
  148  9:11  Marine  
  149  9:17  Drilling Claws  
  149  9:18  Medivac x2  
  149  9:19  Marine x2  
  149  9:20  Marine x4  
  159  9:25  Supply Depot  
  159  9:28  Marine x2  
  159  9:30  Marine  
  162  9:37  Marine  
  163  9:42  Command Center  
  158  9:47  Marine x3  
  158  9:48  Medivac x2, Factory Tech Lab  
  158  9:52  Missile Turret, Supply Depot  
  165  9:53  Marine x2  
  165  9:57  Marine  
  168  10:03  Marine  
  164  10:13  Siege Tank  
  171  10:14  Marine  
  171  10:15  Marine x4  
  156  10:22  Marine  
  156  10:24  Marine  
  156  10:27  Marine  
  137  10:32  Marine  
  137  10:33  Marine  
  137  10:34  Marine x4  
Show
View Real Time Build Order
Export as new Build Order

Scarlett Zerg - Winner!

Build Orders: Hatch First, Muta Ling Bane 

Get SALT Encoding   

  12  0:00  Drone  
  13  0:12  Overlord  
  13  0:18  Drone  
  14  0:31  Drone x2  
  16  0:48  Hatchery  
  15  0:52  Drone  
  15  0:56  Drone  
  17  0:59  Drone  
  18  1:10  Extractor  
  17  1:14  Spawning Pool  
  17  1:18  Drone  
  17  1:21  Drone  
  18  1:28  Drone  
  19  1:39  Drone  
  20  1:49  Drone  
  21  2:01  Queen x2  
  21  2:02  Zergling x4  
  27  2:16  Hatchery  
  27  2:21  Overlord  
  26  2:26  Drone  
  27  2:36  Drone  
  28  2:40  Drone x3  
  28  2:42  Metabolic Boost  
  31  2:53  Queen  
  31  2:55  Overlord  
  33  3:00  Drone x2  
  35  3:06  Drone  
  36  3:13  Drone x5  
  36  3:17  Drone  
  42  3:21  Queen  
  42  3:27  Overlord  
  44  3:31  Drone  
  45  3:35  Queen  
  45  3:39  Overlord  
  45  3:40  Drone  
  48  3:47  Overlord  
  48  3:48  Drone x3  
  51  3:51  Zergling x2  
  51  3:52  Zergling x2  
  53  4:01  Queen  
  55  4:05  Drone x5  
  60  4:11  Zergling x4  
  62  4:17  Drone  
  62  4:18  Drone x2  
  62  4:22  Queen  
  67  4:29  Spore Crawler  
  66  4:33  Drone x8  
  72  4:53  Lair  
  72  4:55  Overlord, Drone x2  
  72  4:56  Extractor  
  72  4:57  Extractor  
  72  4:58  Extractor  
  70  5:00  Evolution Chamber, Extractor  
  70  5:01  Evolution Chamber  
  70  5:02  Drone x5  
  72  5:07  Drone x3  
  72  5:11  Baneling Nest  
  73  5:14  Drone  
  73  5:15  Drone x3  
  73  5:16  Drone  
  73  5:20  Drone  
  79  5:25  Overlord  
  79  5:34  Drone x2  
  81  5:35  Zerg Melee Weapons Level 1, Zerg Ground Armor Level 1  
  81  5:38  Extractor  
  81  5:39  Overlord x2, Drone x2  
  81  5:41  Overlord  
  82  5:49  Overlord  
  82  5:53  Centrifical Hooks  
  82  5:56  Spire  
  81  5:58  Drone x8  
  89  6:04  Hatchery  
  89  6:08  Spore Crawler, Drone  
  89  6:09  Drone x2  
  91  6:11  Zergling x2  
  91  6:17  Overlord  
  91  6:18  Overlord  
  91  6:19  Zergling x4  
  91  6:25  Zergling x12  
  99  6:26  Baneling  
  99  6:27  Baneling  
  99  6:30  Baneling x7  
  99  6:39  Zergling x6  
  106  6:40  Zergling x8  
  106  6:46  Hatchery  
  104  6:57  Zergling x12  
  104  6:58  Baneling x3  
  108  7:04  Zergling x8  
  109  7:10  Drone x6  
  109  7:13  Zergling x2  
  109  7:15  Zerg Flyer Weapons Level 1  
  116  7:16  Mutalisk  
  116  7:20  Mutalisk  
  120  7:24  Mutalisk x2  
  120  7:28  Mutalisk x2  
  127  7:33  Mutalisk x4  
  135  7:40  Zergling x2  
  136  7:46  Overlord x4  
  134  7:54  Zerg Ground Armor Level 2, Zerg Melee Weapons Level 2  
  134  7:56  Overlord x2  
  134  8:00  Zergling x10  
  138  8:09  Hatchery  
  137  8:16  Infestation Pit  
  120  8:31  Mutalisk x5  
  126  8:35  Zergling x8  
  126  8:36  Zergling x20  
  133  8:50  Baneling x2  
  133  8:55  Overlord x2  
  126  8:56  Baneling x10  
  126  8:57  Zergling x16  
  134  9:08  Drone x4  
  138  9:10  Hive  
  138  9:17  Zergling x2  
  138  9:18  Zergling x6  
  138  9:20  Baneling x6  
  138  9:21  Baneling x7  
  142  9:25  Zergling x2, Drone  
  142  9:26  Zergling x6  
  147  9:32  Zergling x12  
  147  9:34  Baneling x4  
  153  9:43  Zergling x16  
  159  9:51  Hatchery  
  158  9:58  Zergling x10  
  163  10:04  Zergling x2  
  163  10:05  Zergling x10  
  150  10:27  Mutalisk x3, Zergling x2  
  150  10:28  Zergling x20  
  153  10:35  Drone x12  
  162  10:37  Extractor x2  
Tags
 
Add a new tag
Caveats
  • Supply blocks, unpowered buildings, or Contaminate may cause inaccurate times.
  • Supply counts are checked every 10 seconds.